 Dungeon Crawl Stone Soup version 0.24.1 (webtiles) character file.

Game seed: 4277659835543897006, levelgen mode: deterministic

2613 Destapler the Cleaver (level 9, -4/82 HPs)
             Began as a Deep Dwarf Hunter on Mar 30, 2020.
             Was a Follower of Uskayaw.
             Slain by Harold
             ... wielding a +0 morningstar
              (12 damage)
             ... on level 7 of the Dungeon.
             The game lasted 00:37:27 (5011 turns).

Destapler the Cleaver (Deep Dwarf Hunter)           Turns: 5011, Time: 00:37:27

Health: -4/82      AC: 12    Str: 18    XL:     9   Next: 34%
Magic:  11/11      EV: 15    Int: 13    God:    Uskayaw [*.....]
Gold:   61         SH:  2    Dex: 21    Spells: 7/8 levels left

rFire    + . .     SeeInvis .   a - +2 short sword (flame)
rCold    + . .     Gourm    .   (no shield)
rNeg     . . .     Faith    .   n - +0 chain mail
rPois    .         Spirit   .   (no helmet)
rElec    .         Reflect  +   e - scarf {rC+ rF+}
rCorr    .         Harm     .   E - +1 pair of gloves {Dex+3}
MR       +....                  b - +0 pair of boots
Stlth    +.........             q - +2 amulet of reflection
HPRegen  0.00/turn              (no ring)
MPRegen  0.12/turn              (no ring)

@: agile, marked, non-regenerating
A: damage resistance, heal wounds, sense surroundings 2, no regeneration
a: Heal Wounds, Stomp, Renounce Religion


You were on level 7 of the Dungeon.
You worshipped Uskayaw.
Uskayaw was aware of your devotion.
You were not hungry.

You visited 1 branch of the dungeon, and saw 7 of its levels.

You collected 247 gold pieces.
You spent 186 gold pieces at shops.

Inventory:

Hand Weapons
 a - a +2 short sword of flaming (weapon)
 F - a +0 war axe
Missiles
 c - 6 javelins
 t - 33 poisoned darts (quivered)
 v - 5 boomerangs
Armour
 b - a +0 pair of boots (worn)
 d - a +0 cloak
 e - a scarf of resistance (worn)
 n - a +0 chain mail (worn)
 E - a +1 pair of gloves of dexterity (worn)
Jewellery
 q - a +2 amulet of reflection (around neck)
Wands
 j - a wand of iceblast (12)
 k - a wand of flame (16)
 m - a wand of acid (10)
Scrolls
 g - 5 scrolls of remove curse
 i - 7 scrolls of teleportation {unknown}
 l - 2 scrolls of amnesia
 B - a scroll of magic mapping
 C - 2 scrolls of enchant weapon
 D - a scroll of enchant armour
Potions
 o - a potion of heal wounds
 p - 3 potions of haste
 r - a potion of brilliance
 A - 3 potions of flight
Comestibles
 f - 14 rations
 h - 7 chunks of flesh


   Skills:
 - Level 6.0 Fighting
 + Level 8.6 Axes
 - Level 3.6 Throwing
 - Level 3.1 Armour
 - Level 4.4 Dodging
 - Level 4.6 Stealth
   Level 6.3 Shields
 - Level 8.0 Invocations
 - Level 6.0 Evocations


You had 7 spell levels left.
You knew the following spells:

 Your Spells              Type           Power        Failure   Level  Hunger
a - Apportation           Tloc           #.....       99%         1    ##.....

Your spell library contained the following spells:

 Spells                   Type           Power        Failure   Level  Hunger
 Animate Skeleton         Necr           N/A          99%         1    ##.....
 Confusing Touch          Hex            #.....       99%         1    ##.....
 Summon Small Mammal      Summ           #...         99%         1    ##.....
 Call Imp                 Summ           #.......     99%         2    ###....
 Call Canine Familiar     Summ           #.......     100%        3    ####...
 Summon Guardian Golem    Hex/Summ       #.......     100%        3    ####...
 Summon Ice Beast         Ice/Summ       #.......     100%        4    #####..
 Summon Lightning Spire   Summ/Air       #.......     100%        4    #####..


Dungeon Overview and Level Annotations

Branches:
Dungeon (7/15)             Temple (0/1) D:7

Altars:
Fedhas
Gozag
Kikubaaqudgha
Qazlal
Sif Muna
Uskayaw
Vehumet
Zin
The Shining One

Shops:
D:4 ??*

Annotations:
D:7 Harold


Innate Abilities, Weirdness & Mutations

You are resistant to damage.
You can heal yourself by infusing magical energy.
You passively map the area around you.
You do not regenerate.


Message History

Your chain mail prevents you from hitting Harold.
Harold is moderately wounded.
The gnoll barely misses you. The gnoll misses you.
The gnoll hits you but does no damage.
Harold points at you and mumbles some strange words.
The mark upon you grows brighter.
You hit Harold. You burn Harold.
Harold is moderately wounded.
The gnoll barely misses you. The gnoll closely misses you.
The gnoll barely misses you. Harold hits you with a +0 morningstar!
* * * LOW HITPOINT WARNING * * *
You hit Harold but do no damage.
Harold is moderately wounded.
The gnoll closely misses you. The gnoll barely misses you.
The gnoll closely misses you. Harold closely misses you.
You hit Harold but do no damage.
Harold is moderately wounded.
You block the gnoll's attack. The gnoll hits you but does no damage.
The gnoll closely misses you. Harold hits you with a +0 morningstar!
You die...

* , , , #.g...,
..... >
######...., ,
#####........ ,
#.F.#.....H.,
###.@....# *.#**
##..@gg..####.####
*
#.....g..........#
#.........###.##.#
#.........# *.# ,
* #..#......# .#*
* #(.####†### .# ,
#..# #)# .. ,,
#..# #.# ## #..#
#.#


You could see Harold, a bullfrog and 3 gnolls.

Vanquished Creatures
  2 hippogriffs (D:7)
  Edmund (D:4)
  2 orc warriors (D:6)
  An ice beast (D:7)
  3 ogres
  2 centaurs
  2 bullfrogs
  2 scorpions
  2 killer bees (D:7)
  A howler monkey (D:5)
  4 crimson imps
  A bullfrog zombie (D:6)
  2 hounds (D:7)
  2 orc priests
  2 jellies
  Crazy Yiuf (D:5)
  An iguana (D:7)
  2 bullfrog skeletons
  2 centaur skeletons (D:6)
  3 orc wizards (D:6)
  Jessica (D:3)
  2 worker ants (D:5)
  A hound skeleton (D:7)
  A gnoll (D:7)
  10 adders
  A shadow imp (D:5)
  3 worms
  4 dart slugs
  3 leopard geckos
  10 orcs
  8 ball pythons
  5 giant cockroaches
  3 goblins
  10 hobgoblins
  11 jackals
  6 quokkas
  6 bats
  4 frilled lizards
  8 kobolds
  A leopard gecko skeleton (D:5)
  8 rats
144 creatures vanquished.

Vanquished Creatures (others)
  An orc (D:6)
1 creature vanquished.

Grand Total: 145 creatures vanquished

Notes
Turn   | Place    | Note
-------+----------+-------------------------------------------
     0 | D:1      | Destapler the Deep Dwarf Hunter began the quest for the
                  | Orb.
     0 | D:1      | Reached XP level 1. HP: 19/19 MP: 1/1
   163 | D:1      | Reached XP level 2. HP: 15/26 MP: 2/2
   605 | D:1      | Reached XP level 3. HP: 14/32 MP: 3/3
   849 | D:2      | Noticed a +0 hand axe
   850 | D:2      | Noticed a +0 dagger
   857 | D:2      | Found a hide-covered altar of Uskayaw.
   871 | D:2      | Became a worshipper of Uskayaw the Reveler
   876 | D:2      | Reached * piety under Uskayaw
   884 | D:2      | Reached skill level 1 in Armour
   978 | D:2      | Found a glowing golden altar of the Shining One.
   979 | D:2      | Found an ancient bone altar of Kikubaaqudgha.
   980 | D:2      | Found a blossoming altar of Fedhas.
   991 | D:2      | Found a stormy altar of Qazlal.
  1043 | D:2      | Reached ** piety under Uskayaw
  1560 | D:3      | Reached XP level 4. HP: 16/39 MP: 4/4
  1815 | D:3      | Found a faded altar of an unknown god.
  1941 | D:3      | Reached XP level 5. HP: 40/45 MP: 5/5
  2076 | D:3      | Noticed Jessica
  2087 | D:3      | Killed Jessica
  2304 | D:4      | Found Miojeshri's Magic Scroll Emporium.
  2318 | D:4      | Bought a scroll of enchant weapon for 97 gold pieces
  2318 | D:4      | Bought a scroll of identify for 26 gold pieces
  2326 | D:4      | Reached skill level 5 in Fighting
  2326 | D:4      | Reached XP level 6. HP: 41/62 MP: 5/11
  2334 | D:4      | Found a shimmering blue altar of Sif Muna.
  2380 | D:4      | Reached *** piety under Uskayaw
  2463 | D:4      | Found Tiraigg's General Store.
  2470 | D:4      | Bought a +0 pair of boots for 63 gold pieces
  2517 | D:4      | Noticed Edmund
  2533 | D:4      | Killed Edmund
  2540 | D:4      | Found a radiant altar of Vehumet.
  2633 | D:4      | Reached XP level 7. HP: 48/68 MP: 12/12
  2869 | D:4      | Found Koorev's Magic Scroll Shop.
  2981 | D:4      | Found a glowing silver altar of Zin.
  2982 | D:4      | Noticed an angel
  3014 | D:5      | Entered Level 5 of the Dungeon
  3094 | D:5      | Found a runed translucent door.
  3095 | D:5      | Noticed Crazy Yiuf
  3138 | D:5      | Killed Crazy Yiuf
  3174 | D:5      | Reached skill level 1 in Evocations
  3287 | D:5      | Found a blossoming altar of Fedhas.
  3320 | D:5      | Reached **** piety under Uskayaw
  3704 | D:6      | Reached XP level 8. HP: 41/76 MP: 12/12
  3952 | D:6      | Reached skill level 5 in Evocations
  4280 | D:6      | Learned a level 1 spell: Apportation
  4707 | D:7      | Found a staircase to the Ecumenical Temple.
  4797 | D:7      | Gained mutation: You passively map the area around you.
                  | [Deep Dwarf growth]
  4797 | D:7      | Reached XP level 9. HP: 40/82 MP: 12/12
  4880 | D:7      | Found an opulent altar of Gozag.
  4990 | D:7      | Noticed Harold
  5011 | D:7      | Slain by Harold

Levels and vault maps discovered:
D:1:      tarquinn_simple_flora_water_a, layout_basic, minmay_octomino_c4
D:2:      layout_loops_ring, dancing_weapons_uskayaw,
          nicolae_overflow_quartered_altars
D:3:      layout_loops_cross, chequers_ecumenical_altar_simple,
          minmay_snake_closets, uniq_jessica
D:4:      layout_loops_ring, zin_angel, vehumet_altar_wand_db,
          old_standard_altar, serial_shops, shop, nicolae_shop_stone, shop,
          uniq_edmund
D:5:      layout_rooms, first_ration, fedhas_altar_1, uniq_crazy_yiuf_cottage
D:6:      layout_rooms, st_stairs_1, kennysheep_cross_bottleneck,
          hangedman_decor_slide_cut
D:7:      layout_loops_ring, grunt_gozag_statues,
          minmay_temple_entry_proselytizer, uniq_harold

Skill      XL: |  1  2  3  4  5  6  7  8  9 |
---------------+----------------------------+-----
Fighting       | 2 5 6 |  6.0
Stealth        | 2 3 4 |  4.6
Dodging        | 3 4 |  4.4
Armour         | 1 2 3 |  3.1
Axes           | 6 7 8 |  8.6
Shields        | 6 |  6.3
Invocations    | 7 8 |  8.0
Evocations     | 3 6 |  6.0
Throwing       | |  3.6

Action                   |  1- 3 |  4- 6 |  7- 9 || total
-------------------------+-------+-------+-------++-------
Melee: Short sword       |   154 |   139 |   273 ||   566
Throw: Javelin           |     2 |     1 |       ||     3
       Dart              |     6 |    24 |    98 ||   128
       Throwing net      |     1 |     3 |     1 ||     5
Invok: Stomp             |     1 |     2 |     1 ||     4
       Line Pass         |       |       |     3 ||     3
 Abil: Heal Wounds       |     1 |     2 |    14 ||    17
Evoke: Wand              |       |       |     1 ||     1
  Use: Scroll            |       |     8 |     9 ||    17
       Potion            |       |     1 |     4 ||     5
 Stab: Sleeping          |     2 |     1 |     2 ||     5
       Paralysed         |       |     2 |     6 ||     8
       Held in net/web   |       |     1 |     2 ||     3
       Confused          |       |       |     2 ||     2
  Eat: Chunk             |     2 |     4 |     9 ||    15
Armor: Leather armour    |    13 |       |       ||    13
       Chain mail        |    79 |    61 |   133 ||   273
       Skin              |       |       |    10 ||    10
Dodge: Dodged            |    67 |    62 |   215 ||   344
Block: Other             |     7 |     9 |    31 ||    47
       Reflection        |       |       |     1 ||     1
